[ AOE2 MATCH · #505867882 ]
UnrankedPortuguese vs Japanese
Player's team · LOSS
Rival team · WIN
[ REPLAY ANALYSIS · EXTRACTED FROM THE RECORDED GAME ]
Feudal
10:53
Castle
14:49
Imperial
32:16
| APM avg | 34.7 |
| APM peak | 57 |
| eAPM avg | 21.9 |
| Villagers / military | 120 / 141 |
Focus
⚔️ 29.3% · 🌾 70.7%
Archer ×97 · Skirmisher ×18 · Mangonel ×12 · Scorpion ×11 · Monk ×3
Feudal
10:17
Castle
13:53
Imperial
26:26
| APM avg | 53.5 |
| APM peak | 88 |
| eAPM avg | 27.1 |
| Villagers / military | 126 / 123 |
Focus
⚔️ 31.8% · 🌾 68.2%
Cavalry Archer ×104 · Mangonel ×8 · Trebuchet (Packed) ×4 · Monk ×3 · Battering Ram ×3 · Knight ×1
Match map
Initial resources + every placement click. Lines = walls · curves = elevation contours. ◆ gold · ⬟ stone · ● berries · ✦ relic · ◌ wall gap
Your base· ✓ Closed at 14:49 · 34t walls · 1 gate(s)
Hastur's base· Open — unwalled flank
Smoothed initial terrain · ◌ = detected wall gap · hover for details
Inputs per minute
— Via - - Hastur
Build order — Via
First 150 of 345 actions detected
| 0:01 | Queue | Villager (Male) |
| 0:02 | Queue | Villager (Male) |
| 0:03 | Build | House |
| 0:07 | Queue | Villager (Male) |
| 0:09 | Build | House |
| 0:10 | Research | Loom |
| 0:16 | Queue | Villager (Male) |
| 0:55 | Build | Mill |
| 1:14 | Queue | Villager (Male) |
| 1:43 | Queue | Villager (Male) |
| 2:06 | Queue | Villager (Male) |
| 2:26 | Queue | Villager (Male) |
| 2:26 | Queue | Villager (Male) |
| 2:40 | Build | Lumber Camp |
| 3:04 | Queue | Villager (Male) |
| 3:10 | Queue | Villager (Male) |
| 3:39 | Queue | Villager (Male) |
| 3:41 | Queue | Villager (Male) |
| 3:57 | Queue | Villager (Male) |
| 4:07 | Queue | Villager (Male) |
| 4:13 | Build | House |
| 4:16 | Queue | Villager (Male) |
| 4:47 | Queue | Villager (Male) |
| 4:57 | Queue | Villager (Male) |
| 5:04 | Queue | Villager (Male) |
| 5:10 | Queue | Villager (Male) |
| 5:13 | Build | House |
| 5:18 | Queue | Villager (Male) |
| 5:37 | Build | Palisade Wall |
| 5:43 | Queue | Villager (Male) |
| 5:44 | Queue | Villager (Male) |
| 5:44 | Queue | Villager (Male) |
| 5:48 | Queue | Villager (Male) |
| 5:55 | Build | House |
| 5:56 | Build | Palisade Wall |
| 5:58 | Build | Palisade Wall |
| 5:59 | Build | Palisade Wall |
| 6:03 | Queue | Villager (Male) |
| 6:13 | Build | Palisade Wall |
| 6:25 | Build | House |
| 6:29 | Queue | Villager (Male) |
| 6:29 | Queue | Villager (Male) |
| 6:32 | Queue | Villager (Male) |
| 6:50 | Build | Mill |
| 7:05 | Build | Mining Camp |
| 7:38 | Queue | Villager (Male) |
| 7:40 | Queue | Villager (Male) |
| 7:40 | Queue | Villager (Male) |
| 8:00 | Queue | Villager (Male) |
| 8:14 | Build | Lumber Camp |
| 8:19 | Research | Feudal Age |
| 8:28 | Build | House |
| 8:30 | Queue | Villager (Male) |
| 8:50 | Queue | Villager (Male) |
| 8:51 | Queue | Villager (Male) |
| 8:51 | Queue | Villager (Male) |
| 9:28 | Build | Barracks |
| 9:30 | Queue | Villager (Male) |
| 9:50 | Build | House |
| 9:55 | Queue | Villager (Male) |
| 9:55 | Queue | Villager (Male) |
| 10:41 | Build | House |
| 10:53 | Age | Feudal Age |
| 10:57 | Build | Archery Range |
| 11:00 | Build | Market |
| 11:05 | Research | Town Watch |
| 11:05 | Queue | Villager (Male) |
| 11:28 | Build | Farm |
| 12:09 | Research | Castle Age |
| 12:12 | Queue | Archer |
| 12:13 | Queue | Archer |
| 12:13 | Queue | Archer |
| 12:16 | Build | House |
| 12:25 | Build | Blacksmith |
| 12:27 | Build | Farm |
| 12:27 | Build | Farm |
| 12:28 | Build | Farm |
| 12:28 | Build | Farm |
| 12:33 | Queue | Archer |
| 12:33 | Queue | Archer |
| 13:04 | Build | Palisade Wall |
| 13:11 | Queue | Archer |
| 13:13 | Research | Fletching |
| 13:22 | Queue | Villager (Male) |
| 13:23 | Queue | Villager (Male) |
| 13:36 | Research | Double-Bit Axe |
| 13:46 | Build | House |
| 13:49 | Build | Farm |
| 14:04 | Build | Farm |
| 14:20 | Build | Archery Range |
| 14:23 | Research | Padded Archer Armor |
| 14:24 | Queue | Archer |
| 14:30 | Build | Palisade Gate |
| 14:43 | Build | Palisade Wall |
| 14:49 | Age | Castle Age |
| 14:50 | Research | Crossbowman (upgrade) |
| 14:52 | Queue | Villager (Male) |
| 14:58 | Research | Bodkin Arrow |
| 14:58 | Queue | Villager (Male) |
| 15:04 | Build | Siege Workshop |
| 15:10 | Queue | Villager (Male) |
| 15:13 | Build | House |
| 15:17 | Queue | Archer |
| 15:17 | Queue | Archer |
| 15:19 | Queue | Villager (Male) |
| 15:22 | Queue | Villager (Male) |
| 15:22 | Queue | Villager (Male) |
| 15:47 | Queue | Villager (Male) |
| 15:47 | Queue | Villager (Male) |
| 15:54 | Build | Palisade Wall |
| 15:59 | Queue | Archer |
| 15:59 | Queue | Archer |
| 16:03 | Queue | Villager (Male) |
| 16:07 | Queue | Scorpion |
| 16:08 | Queue | Villager (Male) |
| 16:08 | Queue | Villager (Male) |
| 16:10 | Build | Farm |
| 16:18 | Research | Horse Collar |
| 16:25 | Queue | Archer |
| 16:28 | Queue | Villager (Male) |
| 16:30 | Build | House |
| 16:48 | Research | Leather Archer Armor |
| 16:53 | Queue | Mangonel |
| 16:53 | Queue | Villager (Male) |
| 16:59 | Queue | Mangonel |
| 17:01 | Queue | Archer |
| 17:01 | Queue | Villager (Male) |
| 17:04 | Queue | Villager (Male) |
| 17:23 | Queue | Mangonel |
| 17:54 | Queue | Archer ×4 |
| 18:04 | Build | Farm |
| 18:05 | Build | Farm |
| 18:06 | Queue | Villager (Male) |
| 18:06 | Queue | Villager (Male) |
| 18:11 | Queue | Villager (Male) |
| 18:11 | Queue | Villager (Male) |
| 18:14 | Build | University |
| 18:15 | Queue | Villager (Male) |
| 18:15 | Queue | Villager (Male) |
| 18:16 | Queue | Archer |
| 18:17 | Queue | Archer |
| 18:17 | Queue | Archer |
| 18:29 | Build | House |
| 18:31 | Queue | Villager (Male) |
| 18:31 | Queue | Villager (Male) |
| 18:54 | Queue | Villager (Male) |
| 18:56 | Build | House |
| 18:58 | Research | Wheelbarrow |
| 19:01 | Build | House |
| 19:04 | Queue | Villager (Male) |
Build order — Hastur
First 150 of 347 actions detected
| 0:00 | Queue | Villager (Male) |
| 0:00 | Queue | Villager (Male) |
| 0:02 | Build | House |
| 0:04 | Build | House |
| 0:11 | Build | House |
| 0:12 | Build | House |
| 0:16 | Queue | Villager (Male) |
| 0:16 | Queue | Villager (Male) |
| 0:18 | Research | Loom |
| 1:02 | Queue | Villager (Male) |
| 1:26 | Queue | Villager (Male) |
| 1:33 | Queue | Villager (Male) |
| 1:37 | Build | Lumber Camp |
| 2:07 | Queue | Villager (Male) |
| 2:07 | Queue | Villager (Male) |
| 2:33 | Queue | Villager (Male) |
| 2:47 | Queue | Villager (Male) |
| 3:01 | Queue | Villager (Male) |
| 3:09 | Queue | Villager (Male) |
| 3:26 | Queue | Villager (Male) |
| 3:31 | Build | House |
| 3:32 | Build | House |
| 3:44 | Queue | Villager (Male) |
| 3:52 | Queue | Villager (Male) |
| 3:59 | Queue | Villager (Male) |
| 4:13 | Build | Mining Camp |
| 4:28 | Queue | Villager (Male) |
| 4:41 | Queue | Villager (Male) |
| 4:41 | Queue | Villager (Male) |
| 5:00 | Queue | Villager (Male) |
| 5:09 | Queue | Villager (Male) |
| 5:20 | Build | Mill |
| 5:25 | Queue | Villager (Male) |
| 5:27 | Queue | Villager (Male) |
| 5:32 | Build | Mill |
| 5:39 | Queue | Villager (Male) |
| 5:51 | Build | Mill |
| 6:07 | Queue | Villager (Male) |
| 6:07 | Queue | Villager (Male) |
| 6:07 | Queue | Villager (Male) |
| 6:41 | Queue | Villager (Male) |
| 6:44 | Queue | Villager (Male) |
| 6:46 | Build | House |
| 6:59 | Queue | Villager (Male) |
| 7:03 | Queue | Villager (Male) |
| 7:03 | Queue | Villager (Male) |
| 7:11 | Queue | Villager (Male) |
| 7:17 | Build | Lumber Camp |
| 7:18 | Queue | Villager (Male) |
| 7:21 | Queue | Villager (Male) |
| 7:31 | Queue | Villager (Male) |
| 7:40 | Build | House |
| 7:50 | Build | House |
| 8:07 | Research | Feudal Age |
| 8:26 | Build | Mill |
| 8:29 | Queue | Villager (Male) |
| 8:39 | Build | Barracks |
| 8:54 | Queue | Villager (Male) |
| 9:06 | Queue | Villager (Male) |
| 9:14 | Queue | Villager (Male) |
| 9:38 | Build | Farm |
| 9:38 | Build | Farm |
| 9:42 | Build | Farm |
| 9:50 | Queue | Villager (Male) |
| 10:17 | Age | Feudal Age |
| 10:19 | Build | Market |
| 10:22 | Build | Blacksmith |
| 10:29 | Queue | Villager (Male) |
| 10:33 | Queue | Villager (Male) |
| 10:35 | Research | Double-Bit Axe |
| 11:03 | Queue | Villager (Male) |
| 11:04 | Queue | Villager (Male) |
| 11:13 | Research | Castle Age |
| 11:13 | Queue | Villager (Male) |
| 11:14 | Queue | Villager (Male) |
| 11:14 | Queue | Villager (Male) |
| 11:22 | Research | Horse Collar |
| 11:24 | Build | Farm |
| 11:24 | Build | Farm |
| 11:24 | Build | Farm |
| 11:25 | Build | Farm |
| 11:25 | Build | Farm |
| 11:25 | Build | Farm |
| 11:26 | Queue | Villager (Male) |
| 11:39 | Queue | Villager (Male) |
| 12:08 | Build | Archery Range |
| 12:21 | Queue | Villager (Male) |
| 12:33 | Build | Farm |
| 12:33 | Build | Farm |
| 12:39 | Queue | Villager (Male) |
| 12:47 | Build | House |
| 12:48 | Build | House |
| 12:49 | Build | House |
| 12:55 | Build | Mining Camp |
| 13:13 | Build | Archery Range |
| 13:16 | Queue | Villager (Male) |
| 13:32 | Research | Wheelbarrow |
| 13:33 | Research | Town Watch |
| 13:52 | Research | Gold Mining |
| 13:53 | Age | Castle Age |
| 13:55 | Queue | Cavalry Archer |
| 13:59 | Queue | Villager (Male) |
| 14:07 | Build | Monastery |
| 14:08 | Research | Bow Saw |
| 14:16 | Queue | Cavalry Archer |
| 14:17 | Queue | Cavalry Archer |
| 14:27 | Queue | Cavalry Archer |
| 14:27 | Queue | Cavalry Archer |
| 14:36 | Queue | Villager (Male) |
| 14:39 | Research | Fletching |
| 14:42 | Build | House |
| 14:45 | Queue | Monk |
| 14:51 | Queue | Villager (Male) |
| 14:52 | Queue | Villager (Male) |
| 14:52 | Queue | Villager (Male) |
| 14:54 | Queue | Cavalry Archer |
| 15:06 | Queue | Villager (Male) |
| 15:19 | Research | Bodkin Arrow |
| 15:19 | Queue | Villager (Male) |
| 15:23 | Queue | Villager (Male) |
| 15:28 | Build | Monastery |
| 15:29 | Queue | Villager (Male) |
| 15:38 | Queue | Villager (Male) |
| 15:45 | Queue | Villager (Male) |
| 15:45 | Queue | Villager (Male) |
| 15:46 | Queue | Villager (Male) |
| 15:48 | Build | Farm |
| 15:48 | Build | Farm |
| 15:49 | Build | Farm |
| 15:49 | Build | Farm |
| 15:55 | Queue | Villager (Male) |
| 15:58 | Queue | Cavalry Archer |
| 15:58 | Queue | Cavalry Archer |
| 16:06 | Build | Stable |
| 16:08 | Queue | Villager (Male) |
| 16:23 | Queue | Monk |
| 16:29 | Build | Mining Camp |
| 16:30 | Queue | Villager (Male) |
| 16:30 | Queue | Villager (Male) |
| 16:30 | Queue | Villager (Male) |
| 16:30 | Queue | Villager (Male) |
| 16:43 | Build | Siege Workshop |
| 16:54 | Queue | Cavalry Archer |
| 16:54 | Queue | Cavalry Archer |
| 16:55 | Queue | Cavalry Archer |
| 16:57 | Queue | Villager (Male) |
| 16:57 | Queue | Villager (Male) |
| 17:00 | Build | House |
| 17:03 | Build | Lumber Camp |
| 17:05 | Build | House |
Match timeline
| 5:37 | Via · wall_segment Palisade Wall x7 |
| 5:56 | Via · wall_segment Palisade Wall x1 |
| 5:58 | Via · wall_segment Palisade Wall x1 |
| 5:59 | Via · wall_segment Palisade Wall x1 |
| 6:13 | Via · wall_segment Palisade Wall x15 |
| 8:39 | Hastur · first_building Barracks |
| 9:28 | Via · first_building Barracks |
| 10:17 | Hastur · age_up feudal |
| 10:53 | Via · age_up feudal |
| 10:57 | Via · first_building Archery Range |
| 12:08 | Hastur · first_building Archery Range |
| 13:04 | Via · wall_segment Palisade Wall x9 |
| 13:53 | Hastur · age_up castle |
| 14:07 | Hastur · first_building Monastery |
| 14:43 | Via · wall_segment Palisade Wall x1 |
| 14:49 | Via · age_up castle |
| 14:53 | Via · first_market_buy 100 food |
| 14:56 | Via · first_market_sell 100 wood |
| 15:04 | Via · first_building Siege Workshop |
| 15:54 | Via · wall_segment Palisade Wall x1 |
| 16:06 | Hastur · first_building Stable |
| 16:43 | Hastur · first_building Siege Workshop |
| 19:42 | Via · first_building Monastery |
| 22:17 | Hastur · first_market_sell 500 wood |
| 22:22 | Hastur · first_market_buy 100 food |
| 26:26 | Hastur · age_up imperial |
| 28:49 | Hastur · first_building Castle |
| 32:16 | Via · age_up imperial |
| 33:22 | Via · resign |
[ AI ANALYSIS · 1 CREDIT ]
What really happened in this match?
Wolo.gg analyzes every decision: build order, eco, micro, common mistakes by bracket. Personalized analysis on WhatsApp or Discord in 30 seconds.
Civ guide
Portuguese
Perfil
Jugador #258202